 Dungeon Crawl Stone Soup version 0.19-a0-1637-gfc13266 (webtiles) character file.

19 Amnesiac the Charlatan (level 2, 0/24 HPs)
             Began as a Deep Dwarf Artificer on Sept 19, 2016.
             Slain by an orc wizard
             ... wielding a +0 dagger
              (2 damage)
             ... on level 3 of the Dungeon.
             The game lasted 00:01:48 (429 turns).

Amnesiac the Charlatan (Deep Dwarf Artificer)        Turns: 429, Time: 00:01:49

Health: 0/24       AC:  3    Str: 15    XL:     2   Next: 55%
Magic:  5/5        EV: 12    Int: 11    God:
Gold:   33         SH:  0    Dex: 13    Spells: 0 memorised, 1 level left

rFire  + . .     SeeInvis .     a - +0 short sword
rCold  . . .     Gourm    .     m - +0 leather armour (curse)
rNeg   . . .     Faith    .     (no shield)
rPois  .         Spirit   .     (no helmet)
rElec  .         Dismiss  .     (no cloak)
rCorr  .         Reflect  .     (no gloves)
MR     .....     Harm     .     (no boots)
Stlth  +.........               (no amulet)
                                (no ring)
                                l - ring of protection from fire

@: confused, flying, non-regenerating
A: damage resistance, recharge devices, sense surroundings 1, slow regeneration
3
a: Device Recharging


You were on level 3 of the Dungeon.
You were not hungry.

You visited 1 branch of the dungeon, and saw 3 of its levels.

You collected 33 gold pieces.

Inventory:

Hand Weapons
 a - a +0 short sword (weapon)
Armour
 m - a cursed +0 leather armour (worn)
Jewellery
 l - a ring of protection from fire (left hand)
Wands
 c - a wand of flame (15/48)
 d - a wand of enslavement (15/24)
 e - a wand of random effects (15/48)
 f - a wand of heal wounds (2/9)
 k - a wand of polymorph (13/24)
Scrolls
 h - a scroll of magic mapping {unknown}
Potions
 i - a potion of flight
 j - a potion of degeneration {unknown}
 n - a potion of resistance {unknown}
Comestibles
 b - a beef jerky
 g - a bread ration


   Skills:
 - Level 0.8 Fighting
 + Level 1.1 Short Blades
 - Level 2.1 Dodging
 - Level 1.2 Stealth
 - Level 5.0 Evocations


You had one spell level left.
You didn't know any spells.

Dungeon Overview and Level Annotations

Branches:
Dungeon (3/15)

Altars:
Ashenzari


Innate Abilities, Weirdness & Mutations

You are resistant to damage.
You can recharge devices by infusing magical energy.
You passively map a small area around you.
You do not regenerate.


Message History

The magic dart hits you!
* * * LOW HITPOINT WARNING * * *
Okay, then.
Evoke which item? (* to show all) (? for menu, Esc to quit)
Zapping:
f - a wand of heal wounds (5/9)
Press: ? - help, Shift-Dir - straight line, f - you Nothing appears to happen.
This wand has 4 charges left.
The orc closely misses you. The orc wizard hits you with a dagger.
* * * LOW HITPOINT WARNING * * *
Evoke which item? (* to show all) (? for menu, Esc to quit)
Zapping:
f - a wand of heal wounds (4/9)
Press: ? - help, Shift-Dir - straight line, f - you Nothing appears to happen.
This wand has 3 charges left.
The orc closely misses you. The orc wizard hits you with a dagger.
Evoke which item? (* to show all) (? for menu, Esc to quit)
Zapping:
f - a wand of heal wounds (3/9)
Press: ? - help, Shift-Dir - straight line, f - you Nothing appears to happen.
This wand has 2 charges left.
The orc wizard hits you with a dagger.
You die...

* #.#.### #.###. #.#.†.#
#.# #. #.###.###.# #.
#.........###' ** *
#####.######.. * ###.##
##... # * * ##..#.###....
....##########..###.#.....
, .........@ooo..##
##...[..
....##########..###.#.....
# , ##..#.###.... * *,
#.#.## ##... * #.### ##..
* * , #.# ##+ * #.# #. * *
* #o# #. #.# ##(


You could see an orc wizard and 2 orcs.

Vanquished Creatures
  A leopard gecko (D:3)
  2 orcs (D:3)
  2 giant cockroaches (D:3)
  2 goblins (D:1)
  A quokka (D:3)
  2 ball pythons (D:1)
  3 bats
  A frilled lizard (D:2)
  3 rats
17 creatures vanquished.

Notes
Turn   | Place    | Note
-------+----------+-------------------------------------------
     0 | D:1      | Amnesiac the Deep Dwarf Artificer began the quest for the Orb.
     0 | D:1      | Reached XP level 1. HP: 16/16 MP: 3/3
   162 | D:2      | Found a shattered altar of Ashenzari.
   247 | D:3      | Reached XP level 2. HP: 22/24 MP: 5/5
   347 | D:3      | Reached skill level 5 in Evocations
   363 | D:3      | Reached skill level 1 in Short Blades
   429 | D:3      | Slain by an orc wizard

Vault maps used:
D:1:      dpeg_arrival_rooms_c, minmay_pentomino_r4
D:2:      evilmike_ruin_ashenzari
D:3:      serial_park_tiny_pond, lightli_corner_chamber

Skill      XL: |  1  2 |
---------------+-------+-----
Evocations     | 5 |  5.0
Short Blades   | 1 |  1.1
Fighting       | |  0.8
Dodging        | |  2.1
Stealth        | |  1.2

Action                   || total
-------------------------++-------
Melee: Short sword       ||    47
Evoke: Wand              ||     3
  Use: Potion            ||     1
 Stab: Sleeping          ||     5
Armor: Leather armour    ||    12
Dodge: Dodged            ||    29
